[Event "3rd VIZAG GM-Open 2022"]
[Site "Visakapatnam"]
[Date "2022.06.17"]
[Round "10.8"]
[White "Kaustuv, Kundu"]
[Black "Mirzoev, Azer"]
[Result "0-1"]
[ECO "E14"]
[WhiteElo "2327"]
[BlackElo "2476"]
[Annotator "TA"]
[PlyCount "94"]
[EventDate "2022.06.13"]
[EventType "swiss"]
[EventCountry "IND"]
[SourceTitle "playchess.com"]
[Source "ChessBase"]
[SourceQuality "1"]
[TimeControl "5400+30"]

1. c4 e6 2. Nf3 d5 3. e3 Nf6 4. Nc3 Be7 5. b3 O-O 6. Bb2 b6 7. cxd5 exd5 8. d4 Bb7 9. Bd3 Nbd7 10. O-O a6 {[%emt 0:00:16] The main line 10...a6 scores better than 10...Re8.} 11. Rc1 {[%emt 0:00:28] E14: Queen's Indian: Classical Variation (4 e3).} Bd6 12. Ne2 Re8 13. Ng3 {[%emt 0:00:42] The position is equal.} g6 {[%emt 0:01:01] Inhibits Nf5.} 14. Qc2 Rc8 15. Qe2 b5 16. a4 c6 {[%emt 0:00:09] [#]} 17. Rfe1 $146 ({Predecessor:} 17. Rfd1 Qe7 18. Nd2 Nb6 19. Ra1 h5 20. Re1 Nbd7 21. f3 Qf8 22. e4 dxe4 23. fxe4 {1-0 (36) Shengelia,D (2560)-Tratar,M (2480) Austria 2009}) 17... Ne4 18. Nd2 Ndf6 19. Ngf1 Bb4 20. f3 Nxd2 21. Nxd2 Qb6 22. Bc3 Bxc3 23. Rxc3 b4 24. Rc5 Nd7 $1 25. a5 Qc7 26. Rec1 Nxc5 27. Rxc5 Rb8 28. Nf1 ({Not} 28. Bxa6 $2 Bxa6 29. Qxa6 Rxe3 $19) 28... Bc8 29. Qc2 Qd8 30. Qf2 Bd7 31. Qg3 Rb7 32. h4 Kg7 33. h5 Qf6 34. Kf2 Bc8 ({Better is} 34... Ra7 $17 35. Kg1 Kh8) 35. Bxa6 $11 Ra7 36. Bxc8 Rxc8 37. Nh2 Qf5 (37... Qe6 $11) 38. e4 (38. h6+ $1 $16 Kg8 39. Ng4) 38... Qe6 {[%emt 0:05:07] [#]} (38... Qxh5 $11 {remains equal.} 39. exd5 Qf5) 39. exd5 (39. Ng4 $1 $16 {Black must now prevent exd5.} dxe4 40. d5) 39... cxd5 40. h6+ Kf8 $1 (40... Kxh6 $2 41. Ng4+ Kg7 42. Rxc8 Rxa5 43. Rc7 Ra2+ 44. Kg1 $18) 41. Rxc8+ Qxc8 {[%emt 0:00:03][%mdl 4096] Endgame KQR-KQN} 42. Qe5 {[%emt 0:01:10] Threatening mate with Qh8+.} Qc2+ 43. Kg1 ({Wrong is} 43. Kg3 $2 Qc7 44. Qxc7 Rxc7 $19) 43... Qc7 {[%emt 0:01:04] [#] Against Qb8+. Strongly threatening ...Qxe5.} 44. Qg7+ (44. Qf6 $1 $11 {and White is okay.}) 44... Ke7 $19 {[%emt 0:00:07] Black is winning.} 45. Ng4 Qf4 {[%emt 0:01:09] Prevents Qf6+.} 46. Qe5+ Qxe5 47. Nxe5 {[%emt 0:00:04] Nc6+ is the strong threat.} Kd6 {[%emt 0:00:35] Prevents Nc6.  Weighted Error Value: White=0.34/Black=0.15 (very precise)} 0-1

[Event "3rd VIZAG GM-Open 2022"]
[Site "Visakapatnam"]
[Date "2022.06.17"]
[Round "10.9"]
[White "Neelotpal, Das"]
[Black "Aaryan Varshney"]
[Result "1-0"]
[ECO "B86"]
[WhiteElo "2431"]
[BlackElo "2308"]
[Annotator "TA"]
[PlyCount "153"]
[EventDate "2022.06.13"]
[EventType "swiss"]
[EventCountry "IND"]
[SourceTitle "playchess.com"]
[Source "ChessBase"]
[SourceQuality "1"]
[TimeControl "5400+30"]

1. e4 c5 2. Nf3 d6 3. d4 cxd4 4. Nxd4 Nf6 5. Nc3 a6 6. Bc4 e6 7. Bb3 Be7 8. g4 h6 9. Be3 {[%emt 0:05:58] B86: Sicilian Scheveningen/Najdorf: 6 Bc4, without early ...b5.} Nc6 10. Nxc6 bxc6 11. Qe2 {[%emt 0:00:03] White is slightly better.} a5 12. O-O-O Ba6 13. Qf3 Nd7 {[%emt 0:01:42] [#]} 14. h4 $146 {[%emt 0:01:46][%cal Og4g5] White is more active.} ({Predecessor:} 14. Qg2 Bb5 15. a3 a4 16. Ba2 Qa5 17. f4 Rb8 18. Bd4 e5 19. fxe5 Bg5+ 20. Kb1 dxe5 21. Nxb5 Rxb5 {1-0 (36) Fidrilakis,S (1919)-Velikic,A (2309) Paleochora 2016}) 14... Qc7 15. Bd4 ({White should play} 15. g5 $16) 15... Bf6 (15... c5 $14 16. Be3 (16. Bxg7 Rh7 $11) 16... O-O) 16. Bxf6 $16 gxf6 17. Qg3 Ke7 18. Rd2 {[%emt 0:03:25] Black must now prevent Rhd1.} Nc5 19. Rhd1 {[%emt 0:02:18] aiming for g5.} Rad8 20. g5 fxg5 21. hxg5 Rhg8 22. f4 Ke8 (22... hxg5 $16 23. f5 (23. fxg5 Ke8 $14) 23... Bc8) 23. e5 d5 24. Qf2 $1 Qb6 (24... Nxb3+ $2 25. axb3 hxg5 26. Ne4 $1 ) 25. gxh6 Nxb3+ (25... Bd3 $16 {keeps fighting.}) 26. axb3 $18 Qxf2 27. Rxf2 Ke7 28. Na4 Rg6 29. Nc5 Bc8 30. Rh1 Rh8 31. Rfh2 Kd8 32. Kd2 Kc7 33. c4 Kb6 (33... Rh7 {was called for.} 34. Ke3 Kd8) 34. Na4+ Kc7 35. h7 Bd7 36. Rh5 Rg7 37. R1h2 Be8 38. c5 Kd8 39. Nc3 Ke7 40. Rh6 {[%emt 0:00:39] Prevents f6.} Rg3 41. R6h3 (41. Kc2 $142) 41... Rxh3 42. Rxh3 {[%emt 0:00:04][%mdl 4096] Endgame Threatens to win with Ne2. KRB-KRN} Kf8 43. Ne2 {[%emt 0:00:46] And now Nd4 would win.} Kg7 44. Nd4 $1 Rxh7 45. Rxh7+ Kxh7 {[%emt 0:00:01] KB-KN} 46. f5 exf5 47. Nxf5 {[%emt 0:00:06] Hoping for Nd6.} Kg6 {[%emt 0:00:38] [#]} 48. Nd6 Bd7 49. Ke3 f6 50. exf6 Kxf6 51. Kd4 Ke6 52. Nb7 Bc8 53. Nxa5 Kd7 54. Ke5 Ba6 55. b4 Kc7 56. Nb3 {[%emt 0:00:17] Ke6 would kill now.} Kd7 (56... d4 $18 57. Nxd4 Bc4) 57. Nd4 Bf1 58. Kf6 $2 (58. b5 $1 {mates} cxb5 59. c6+ Kc7 60. Kxd5 Kb6 61. Kd6 Bh3 62. c7 b4 63. Nc6) 58... Bd3 59. Ke5 $2 (59. Kg5 $18) 59... Bf1 $1 60. b5 $1 cxb5 {[%emt 0:00:09] [#]} 61. c6+ $1 Kc7 62. Kxd5 Kb6 63. b4 $2 (63. b3 $18 {is more deadly. Strongly threatening Kd6.} Bg2+ 64. Kd6) 63... Bg2+ $16 64. Kd6 {[%emt 0:00:04] Threatening mate with Kd7.} Bh3 65. Nf3 {[%emt 0:00:41] White wants to mate with Ne5.} Bf5 $2 (65... Bg2 $16 66. Ne5 Ka7 67. Kd7 Bxc6+ 68. Kxc6 Kb8 69. Kxb5 Kb7 70. Kc5 Kc7) 66. Ne5 {[%emt 0:00:08] White mates.} Bh3 67. Nd7+ Ka7 68. Kc7 Bg2 69. Ne5 Be4 70. Kd8 Kb6 71. c7 Bb7 72. c8=Q Bxc8 73. Kxc8 Ka6 74. Kc7 Ka7 75. Kc6 Ka6 76. Kc5 Kb7 77. Kxb5 {[%emt 0:00:03] Weighted Error Value: White=0.30/Black=0.23 (precise)} 1-0

[Event "3rd VIZAG GM-Open 2022"]
[Site "Visakapatnam"]
[Date "2022.06.17"]
[Round "10.10"]
[White "Konguvel, Ponnuswamy"]
[Black "Azaladze, Shota"]
[Result "0-1"]
[ECO "C79"]
[WhiteElo "2331"]
[BlackElo "2420"]
[Annotator "TA"]
[PlyCount "120"]
[EventDate "2022.06.13"]
[EventType "swiss"]
[EventCountry "IND"]
[SourceTitle "playchess.com"]
[Source "ChessBase"]
[SourceQuality "1"]
[TimeControl "5400+30"]

1. e4 {[%emt 0:00:05] Atalik,S} e5 2. Nf3 Nc6 3. Bb5 a6 4. Ba4 d6 5. O-O Bd7 6. d4 Nf6 7. Re1 Be7 8. Bxc6 Bxc6 9. Nc3 exd4 10. Nxd4 O-O 11. Nxc6 {[%emt 0:05:52] C79: Ruy Lopez: Steinitz-type lines with 3...a6 4 Ba4 Nf6 5 0-0 d6.} bxc6 12. Qf3 Nd7 13. Bf4 {[%emt 0:00:47] White has an edge.} Bf6 14. Rad1 Re8 {[%emt 0:00:13] Against e5} 15. b3 Qb8 16. Ne2 Qb4 {[%emt 0:03:45] [#]} 17. c4 $146 ({Predecessor:} 17. Ng3 Qc3 18. Qg4 Ne5 19. Bxe5 Bxe5 20. f4 Bd4+ 21. Kh1 Bf2 22. Re2 Bxg3 23. Qxg3 Qxg3 24. hxg3 Kf8 25. Kg1 {½-½ (25) Fontaine,R (2531)-Atalik,S (2541) Athens 2004 CBM 103 Extra [Atalik,S]}) 17... Ne5 18. Bxe5 Rxe5 19. Nd4 Qc5 20. Qd3 a5 21. a3 Ree8 22. Nc2 Qe5 23. g3 Re6 24. Kg2 Rb8 25. b4 Qc3 26. Re3 Qb2 27. Re2 Qc3 28. Re3 axb4 29. Nxb4 Qxd3 30. Rdxd3 Rb6 31. f4 g6 32. Kf3 Re8 33. Re2 Kg7 34. Rc2 c5 35. Nd5 Rc6 36. a4 Ra8 37. Ra2 Ra7 38. g4 h6 39. Kg3 Rca6 40. Rda3 Bd4 41. Kf3 Rb7 42. Rd3 (42. a5 $11 {is superior.}) 42... Kf8 $15 43. h4 c6 (43... Ra5 $5 ) 44. Ne3 Rb4 45. a5 Ke7 46. h5 $1 Bxe3 47. Kxe3 (47. Rxe3 $11 {was the only way to keep the balance.} gxh5 48. Rc3) 47... gxh5 $11 {[%emt 0:00:07][%mdl 4096] Endgame KRR-KRR} 48. Rh2 Rxc4 (48... hxg4 $17 49. Rxh6 Rxa5 50. Rhxd6 Ra1 51. Rxc6 Rxc4) 49. Rxh5 $15 Rxa5 {[%emt 0:00:11] Threatens to win with ...Raa4.} 50. Rxh6 Raa4 51. e5 {[%emt 0:04:51][%mdl 8192] This move loses the game for White.} (51. Rdxd6 $15 Rxe4+ 52. Kd2) 51... Re4+ $19 52. Kd2 dxe5 53. Rxc6 $2 {[%emt 0:00:10] [#]} (53. Rb3 Rad4+ 54. Kc1 Rxf4 55. g5) 53... Ra2+ $1 {[%emt 0:00:25] Black is clearly winning.} 54. Kc3 Ra3+ 55. Kd2 {[%emt 0:00:16] [#]} Rxd3+ $1 56. Kxd3 Rd4+ 57. Ke3 Rxf4 58. Rxc5 Kd6 59. Ra5 Rxg4 60. Ra6+ Ke7 {[%emt 0:00:09] Weighted Error Value: White=0.48/Black=0.06 (flawless)} 0-1

[Event "3rd VIZAG GM-Open 2022"]
[Site "Visakapatnam"]
[Date "2022.06.17"]
[Round "10.11"]
[White "Hossain, Enamul"]
[Black "Jubin Jimmy"]
[Result "1-0"]
[ECO "B12"]
[WhiteElo "2413"]
[BlackElo "2259"]
[Annotator "TA"]
[PlyCount "149"]
[EventDate "2022.06.13"]
[EventType "swiss"]
[EventCountry "IND"]
[SourceTitle "playchess.com"]
[Source "ChessBase"]
[SourceQuality "1"]
[TimeControl "5400+30"]

1. e4 c6 2. d4 d5 3. e5 c5 4. Nf3 cxd4 5. Nxd4 Nc6 6. Nxc6 {[%emt 0:00:24] B12: Caro-Kann: Advance Variation.} bxc6 7. Bd3 e6 8. O-O {[%emt 0:00:10] The position is equal.} Ne7 9. Re1 a5 10. Nd2 Ba6 11. c4 Ng6 {[%emt 0:02:31] [#]} 12. Qc2 $146 ({Predecessor:} 12. Nf3 Bb4 13. Bd2 dxc4 14. Be4 O-O 15. Qc2 Rb8 16. Rad1 Qb6 17. h4 Rfd8 18. h5 {0-1 (37) Karthikeyan,M (2622)-Aryan,C (2585) chess24.com INT 2022}) 12... Qb6 13. Nf3 Bb4 14. Re2 (14. Be3 $5 Qb8 15. Red1 $14) 14... O-O 15. b3 Rfd8 16. Bg5 Rd7 17. h4 Nf8 18. h5 h6 $1 19. Bf4 Be7 20. Rc1 Ba3 21. Rb1 Rad8 22. c5 (22. Be3 $11 {keeps the balance.} c5 23. Bf4) 22... Bxc5 $17 23. Rc1 (23. Bxa6 $142 Qxa6 24. Ree1) 23... Ba3 24. Rd1 Be7 25. Nh2 c5 {[%emt 0:04:20][%cal Oc5c4] ...c4! is the strong threat.} 26. Bxa6 Qxa6 27. Re3 Nh7 28. Ng4 Kh8 29. Rf3 Bf8 (29... Ng5 $142 30. Rc3 (30. Bxg5 Bxg5 31. Qxc5 Qe2 $17) 30... Ne4) 30. Rg3 d4 31. Rdd3 c4 ({Black should play} 31... a4 $17 32. Bc1 Qb5) 32. bxc4 $11 Rc7 33. Qd2 (33. Bxh6 $1 $11 {remains equal.} Rxc4 34. Qd2) 33... Qxc4 $17 (33... Rxc4 $6 34. Bxh6 Qb7 35. Bf4 $15) 34. Qxa5 Rd5 (34... Be7 $17 35. Rd1 d3) 35. Qd2 Qc2 36. Kh2 Rd8 {[%emt 0:03:28] [#]} (36... Qxd2 $17 37. Rxd2 Rb7) 37. Bxh6 $14 Qxd2 (37... gxh6 $2 38. Nxh6 Bxh6 39. Qxh6 $16) (37... Rd5 38. Rb3) 38. Bxd2 {[%emt 0:36:45] Hoping for Ba5.} Ra7 {[%emt 0:00:18] [#] Inhibits Ba5.} 39. a3 (39. Rgf3 $1 $16) 39... f5 $1 40. exf6 $1 gxf6 41. Rgf3 Bd6+ (41... Rf7 $11) 42. Kg1 f5 (42... Rb8 $14 43. Kf1 f5) 43. Rxd4 $18 {[%emt 0:00:00] And now Ne5 would win.} fxg4 44. Rfd3 ({Worse is} 44. Rxg4 Be5 45. Be1 Rd1 $11) 44... Rad7 45. Bf4 {[%emt 0:00:00] Against Bh2+} Bxf4 46. Rxd7 Rf8 (46... Rg8 {keeps fighting.} 47. g3 Bg5) 47. Rd8 g3 (47... Bc7 $142) 48. Rxf8+ Nxf8 49. fxg3 Bc7 50. Rb3 e5 51. a4 Ne6 52. Rb7 Ba5 53. Kf1 Bc3 54. g4 Nc5 55. Rc7 Ne4 56. g5 Ba5 57. Rc8+ Kg7 58. g4 Nxg5 59. Rc5 Bd8 60. Rxe5 {[%emt 0:00:00] Intending Rd5 and mate.} Kf6 61. Rd5 {[%emt 0:00:00] White mates.} Nf7 62. a5 Ke6 {[%emt 0:00:06] [#]} 63. a6 $1 Kxd5 (63... Bb6 64. Rb5) 64. a7 Ke6 65. a8=Q Bg5 66. Qe4+ Kf6 67. Qg6+ Ke7 68. Ke2 Kf8 69. Qe6 Bh6 70. Kd3 Bf4 71. Qd5 Kg7 72. Ke4 Bc1 73. Kf5 Nh6+ 74. Ke6 Nf7 75. Qd7 {[%emt 0:00:04] What a bad dream for Black.  Weighted Error Value: White=0.13 (very precise) /Black=0.45} 1-0

[Event "3rd VIZAG GM-Open 2022"]
[Site "Visakapatnam"]
[Date "2022.06.17"]
[Round "10.12"]
[White "Laxman, R.R."]
[Black "Ramakrishna, J.."]
[Result "1-0"]
[ECO "E12"]
[WhiteElo "2420"]
[BlackElo "2070"]
[Annotator "TA"]
[PlyCount "35"]
[EventDate "2022.06.13"]
[EventType "swiss"]
[EventCountry "IND"]
[SourceTitle "playchess.com"]
[Source "ChessBase"]
[SourceQuality "1"]
[TimeControl "5400+30"]

1. d4 Nf6 2. Nf3 e6 3. c4 b6 4. a3 Bb7 5. Nc3 d5 6. cxd5 Nxd5 7. Qc2 Nxc3 8. bxc3 Be7 9. e4 O-O 10. Bd3 c5 11. O-O Nc6 12. Bb2 Rc8 13. Qe2 Na5 {[%emt 0:11:47] E12: Queen's Indian: Unusual White 4th moves, 4 a3, 4 Nc3 Bb7 5 a3 and 4 Nc3 Bb7 .} 14. Rad1 Rc7 {[%emt 0:03:30] [#]} 15. Rfe1 $146 ({Predecessor:} 15. Ne5 Qc8 16. Ng4 Rd8 17. Ne3 Bf8 {½-½ (17) Lenic,L (2574)-Brunello,S (2477) Brescia 2009}) 15... Bc6 16. d5 exd5 (16... Ba4 $11 {keeps the balance.}) 17. exd5 $16 Ba4 {[%emt 0:00:03][%mdl 8192] [#]} (17... Bxd5 $2 18. Be4 Bc4 19. Rxd8 $18) (17... Bb7 $16 {is more resistant.}) 18. Qe4 {[%emt 0:00:09][%csl LRa4,LRh7] Black got outplayed after the opening.  Weighted Error Value: White=0.00 (flawless) /Black=1.02} 1-0

[Event "3rd VIZAG GM-Open 2022"]
[Site "Visakapatnam"]
[Date "2022.06.17"]
[Round "10.13"]
[White "Saravana, Krishnan P."]
[Black "Nguyen, Van Huy"]
[Result "1/2-1/2"]
[ECO "C00"]
[WhiteElo "2269"]
[BlackElo "2405"]
[Annotator "RC"]
[PlyCount "185"]
[EventDate "2022.06.13"]
[EventType "swiss"]
[EventCountry "IND"]
[SourceTitle "playchess.com"]
[Source "ChessBase"]
[SourceQuality "1"]
[TimeControl "5400+30"]

1. c4 e6 2. e4 d5 3. exd5 exd5 4. cxd5 Nf6 5. Bb5+ Nbd7 6. Nc3 Be7 7. Nf3 O-O 8. O-O Nb6 9. h3 Nbxd5 10. d4 Bf5 11. Re1 h6 12. Bc4 c6 13. Ne5 Bb4 14. Qf3 Bh7 15. Bb3 Qb6 16. Rd1 Rad8 17. Nxd5 cxd5 18. Be3 Qe6 19. Qe2 Ba5 20. Bd2 Bxd2 21. Qxd2 Rc8 22. Qb4 Bc2 23. Re1 Qb6 24. Qxb6 axb6 25. Re3 Rfe8 26. Rc1 Bf5 27. Rec3 Rxc3 28. Rxc3 Rc8 29. Rxc8+ Bxc8 30. g4 Kf8 31. f4 Ke7 32. f5 Bd7 33. Kf2 Be8 34. Bc2 Kd6 35. Ke3 Ng8 36. Nd3 f6 37. Nf4 Bf7 38. Kd2 Ne7 39. Kc3 Nc6 40. Ba4 Ne7 41. Bc2 Nc6 42. Bd3 Ne7 43. b4 Nc6 44. Be2 Ne7 45. Bd3 Nc6 46. a3 Ne7 47. Bb1 Nc6 48. Bc2 Ne7 49. Bd3 Nc6 50. h4 Ne7 51. h5 Kc6 52. a4 Nc8 53. Bb5+ Kc7 54. Be2 Ne7 55. Bf3 Kd6 56. Nd3 Nc6 57. Nc1 Be8 58. Ne2 Ne7 59. b5 Bf7 60. Kb4 Nc8 61. Nc3 Bg8 62. Nb1 Bf7 63. Nd2 Kc7 64. Nf1 Kd6 65. Ne3 Bg8 66. Bg2 Bf7 67. Bf3 Bg8 68. a5 bxa5+ 69. Kxa5 Bf7 70. Nc2 Kc7 71. Nb4 Nb6 72. Nd3 Nc4+ 73. Kb4 b6 74. Nf4 Kd6 75. Be2 Na5 76. Nd3 Nb7 77. Bf3 Nd8 78. Nb2 Bg8 79. Bg2 Bf7 80. Na4 Kc7 81. Nc3 Kd6 82. Nd1 Bg8 83. Ne3 Bf7 84. Bf3 Bg8 85. Ka4 Bf7 86. Ka3 Bg8 87. Kb3 Bf7 88. Kb4 Bg8 89. Nd1 Bf7 90. Nb2 Bg8 91. Na4 Kc7 92. Nc3 Kd6 93. Na4 1/2-1/2

[Event "3rd VIZAG GM-Open 2022"]
[Site "Visakapatnam"]
[Date "2022.06.17"]
[Round "10.14"]
[White "Pawar, Harshit"]
[Black "Subhayan Kundu"]
[Result "0-1"]
[ECO "D00"]
[WhiteElo "1961"]
[BlackElo "2323"]
[Annotator "TA"]
[PlyCount "120"]
[EventDate "2022.06.13"]
[EventType "swiss"]
[EventCountry "IND"]
[SourceTitle "playchess.com"]
[Source "ChessBase"]
[SourceQuality "1"]
[TimeControl "5400+30"]

1. d4 Nf6 2. Bg5 d5 3. Nd2 h6 4. Bh4 c5 5. e3 Nc6 6. c3 {[%emt 0:00:30] D00: 1 d4 d5: Unusual lines.} e5 7. dxe5 Nxe5 {[%emt 0:00:30] [#]} 8. Ndf3 $146 {[%emt 0:00:30] The position is equal.} ({Predecessor:} 8. Ngf3 Nxf3+ 9. Nxf3 Be7 10. Bb5+ Bd7 11. Bxd7+ Qxd7 12. Ne5 Qe6 13. Bxf6 Bxf6 14. Qa4+ {½-½ (57) Anisimov,P (2521)-Kobo,O (2505) Chess.com INT 2018}) 8... Nc6 9. Bxf6 gxf6 10. Ne2 Qb6 11. Qb3 (11. b3 $14) 11... Qxb3 12. axb3 Bf5 13. Nf4 O-O-O 14. Bb5 Kb8 15. Rd1 (15. Bxc6 $5 bxc6 16. O-O $14) 15... a6 16. Bd3 Be6 17. Bc2 (17. Nxe6 fxe6 18. c4 Bd6 $11) 17... Be7 18. h3 f5 19. O-O Bg5 20. Nd3 b6 21. Nfe5 Nxe5 22. Nxe5 Kb7 {[%emt 0:00:30] Prevents Nc6.} 23. g3 Rhg8 24. Kh2 Rg7 25. h4 Bf6 26. Nd3 Rgg8 27. b4 (27. Rc1 $11) 27... d4 $15 28. exd4 cxd4 {[%emt 0:00:30] White is now going downhill.} 29. Nf4 Bc4 30. Rfe1 dxc3 31. bxc3 (31. b3 $17 Rxd1 32. Rxd1) 31... Bxc3 $19 {[%emt 0:00:30] A strong pair of Bishops.} (31... Rxd1 32. Bxd1 Kc6 33. Be2 Bxe2 34. Rxe2 $11 (34. Nxe2 Ra8 $15)) 32. Re7+ Kb8 33. Rdd7 Rxd7 (33... Bxb4 {is a self mate.} 34. Rb7+ Ka8 35. Ra7+ Kb8 36. Reb7+ Kc8 37. Bxf5+ Be6 38. Nxe6 fxe6 39. Bxe6+) 34. Rxd7 Bxb4 35. Bxf5 Re8 {[%emt 0:00:30] Prevents Be4.} 36. f3 $2 (36. Bd3 b5 37. Bxc4 bxc4 38. Nd5) 36... a5 37. Be4 {[%emt 0:00:30] [#]} (37. Nd5 $142 Bc5 38. Nc3) 37... Rxe4 $1 38. fxe4 {[%emt 0:00:30][%mdl 4096] Endgame KRN-KB} a4 39. Nd5 Bxd5 40. exd5 {[%emt 0:00:30] KR-KB} (40. Rxd5 $142 a3 41. Rd4) 40... a3 {[%emt 0:00:30] And now ...a2 would win.} 41. d6 a2 42. Rd8+ Kb7 43. Rd7+ {[%emt 0:00:30] [#]} Kc8 $1 {[%emt 0:00:30] Black mates.} ({Stronger than} 43... Kc6 44. Ra7 $11) 44. Ra7 Ba5 45. Rc7+ Kd8 46. Rc1 {[%emt 0:00:30] [#]} Bc3 $1 {[%emt 0:00:30][%mdl 576] Deflection, Promotion} 47. Rxc3 a1=Q {[%emt 0:00:30] KQ-KR} 48. Rc7 Qa2+ 49. Kg1 b5 50. Rb7 Qd5 51. Rb8+ Kd7 52. Kh2 b4 53. Kh3 Qxd6 54. Rb7+ Ke6 55. h5 Kf6 56. Kg4 Qe6+ 57. Kf4 Qe5+ 58. Kf3 Qd5+ 59. Kf4 Qxb7 60. g4 b3 {[%emt 0:00:30] Weighted Error Value: White=0.41/Black=0.07 (flawless)} 0-1

[Event "3rd VIZAG GM-Open 2022"]
[Site "Visakapatnam"]
[Date "2022.06.17"]
[Round "10.15"]
[White "Mayank Chakraborty"]
[Black "Nguyen, Duc Hoa"]
[Result "0-1"]
[ECO "B85"]
[WhiteElo "2015"]
[BlackElo "2398"]
[Annotator "TA"]
[PlyCount "60"]
[EventDate "2022.06.13"]
[EventType "swiss"]
[EventCountry "IND"]
[SourceTitle "playchess.com"]
[Source "ChessBase"]
[SourceQuality "1"]
[TimeControl "5400+30"]

1. e4 c5 2. Nf3 e6 3. d4 cxd4 4. Nxd4 Nc6 5. Nc3 Qc7 6. f4 d6 7. Be3 a6 8. a4 Nf6 9. Be2 Be7 10. O-O O-O 11. Kh1 Rd8 12. Nxc6 {[%emt 0:00:30] B85: Sicilian Scheveningen: 6 Be2 a6, lines with early Be3.} bxc6 {[%emt 0:00:30] [#]} 13. g4 $146 (13. Qe1 $11 {keeps the balance.}) ({Predecessor:} 13. a5 c5 14. Qe1 Bb7 15. Bf3 d5 16. e5 Ne8 17. Bd2 g6 18. Na4 Ng7 19. Nb6 Rab8 {1-0 (76) Toma,K (2259)-Kriebel,T (2203) Frydek Mistek 2010}) 13... d5 $17 14. e5 {[%emt 0:00:30] [#]} (14. exd5 $17 cxd5 15. Bd4) 14... d4 $1 $19 ({Don't do} 14... Ne4 15. Nxe4 dxe4 16. Qe1 $14) 15. exf6 Bxf6 16. Ne4 dxe3 {[%emt 0:00:30][%mdl 64] Discovered Attack} 17. Nxf6+ gxf6 18. Qe1 Rd2 19. Ra3 Bb7 20. Rxe3 c5+ 21. Bf3 (21. Kg1 $142 Rxc2 22. Qh4) 21... Rad8 ({But not} 21... Rxc2 $2 22. Rf2 Rxf2 23. Qxf2 $19) 22. Qg3 Rxc2 {[%emt 0:00:30] [#] aiming for ...Rdd2.} 23. b3 Rdd2 24. h4 $2 (24. Kg1) 24... c4 {[%emt 0:00:30] And now ...cxb3 would win.} 25. bxc4 Qxc4 26. Kg1 Bxf3 27. Rexf3 Qxa4 {[%emt 0:00:30] ( -> ...Qd4+)} 28. f5 Qd4+ {[%emt 0:00:30] Black mates.} 29. Kh1 Qb2 30. Qb8+ Qxb8 {[%emt 0:00:30] White did not feel at home in the position after the opening.  Weighted Error Value: White=1.13/Black=0.02 (flawless)} 0-1

[Event "3rd VIZAG GM-Open 2022"]
[Site "Visakapatnam"]
[Date "2022.06.17"]
[Round "10.16"]
[White "Velpula Sarayu"]
[Black "Barath Kalyan M"]
[Result "1-0"]
[ECO "B23"]
[WhiteElo "1845"]
[BlackElo "2232"]
[Annotator "TA"]
[PlyCount "97"]
[EventDate "2022.06.13"]
[EventType "swiss"]
[EventCountry "IND"]
[SourceTitle "playchess.com"]
[Source "ChessBase"]
[SourceQuality "1"]
[TimeControl "5400+30"]

1. e4 c5 2. Nc3 a6 3. g3 Nc6 4. Nge2 g6 5. d4 cxd4 $1 6. Nxd4 {[%emt 0:00:00] B23: Closed Sicilian: Lines without g3.} Bg7 7. Be3 {[%emt 0:00:00] next Nd5 is good for White.} d6 8. Bg2 {[%emt 0:00:00] White is slightly better.} Bd7 9. O-O Nf6 10. Nxc6 (10. Nd5 {with more complications.} Ne5 11. b3 Neg4 12. Bg5) 10... Bxc6 11. a4 {[%emt 0:00:00] [#]} a5 $146 ({Predecessor:} 11... O-O 12. Bd4 Rc8 13. Re1 Re8 14. Qe2 Qa5 15. Ra3 Nd7 16. Bxg7 Kxg7 17. Qe3 Rc7 {½-½ (38) Bukacek,L (2113)-Karasek,L (2206) Czech Republic 2017}) 12. Re1 O-O 13. Nd5 e6 14. Nxf6+ Qxf6 15. c3 Rfd8 16. Qd2 Qe7 17. h4 Qc7 18. Bd4 d5 (18... e5 $5 19. Be3 b5 $11) 19. e5 Rdb8 20. Qe3 b5 21. Bc5 Qc8 22. Bd6 Rb7 23. axb5 Rxb5 24. Ra2 Bf8 25. Bf1 Rb3 26. Qc5 (26. h5 $11) 26... Bxd6 $15 27. Qxd6 a4 28. c4 (28. Bd3 $15) 28... Rab8 (28... dxc4 $17 {aiming for ...Bd5.} 29. Bxc4 Rb6) 29. Rc1 (29. cxd5 $11 {remains equal.} Bxd5 30. Rxa4) 29... Qb7 (29... Be8 $17 {...R8b7 is the strong threat.} 30. h5 R8b7) 30. cxd5 $11 Bxd5 {[%emt 0:00:00] Threatens to win with ...Rb6.} 31. Rxa4 Rxb2 32. Rc7 Qb3 33. Ra3 $1 (33. Rf4 $2 Rb1 34. Qa6 (34. Rfxf7 $2 Rxf1+ 35. Kxf1 Qd1#) 34... Rf8 $19) 33... Qd1 $2 (33... Qb4 $11 34. Qxb4 R8xb4) 34. Rac3 $1 $18 {[%emt 0:00:00] White threatens Rc8+ and mate.} Kg7 {[%emt 0:00:55] [#]} 35. Rc8 $2 (35. Rxf7+ $1 $18 Kxf7 36. Rc7+ Kg8 37. Qe7 Qxf1+ 38. Kxf1 Rb1+ 39. Ke2 R8b2+ 40. Ke3 Re1+ 41. Kd4 Re4+ 42. Kd3 Rb3+ 43. Kd2 Rd4+ 44. Kc2 Rc4+ 45. Rxc4 Bxc4 46. Qd8+ Kg7 47. Qc7+ Kh8 48. Qxc4) 35... Rxc8 $16 36. Rxc8 Kh6 37. Qf8+ Kh5 38. Qxf7 h6 {[%emt 0:00:45] [#] ( -> ...Rb1)} 39. Qf4 $40 {[%emt 0:02:28][%mdl 128] White is up to no good.} ({Of course not} 39. Rg8 $6 Be4 40. Qf4 Rb1 $11) (39. Qf6 $1 $16 {Strongly threatening Rh8.} Be4 40. Rd8 (40. Rh8 Qc1 $16)) 39... Rb1 $11 40. Kh2 $1 {[%emt 0:00:05][%cal Oc8h8] Intending Rh8! and mate. The board is on fire.} Qxf1 $4 {[%emt 0:01:31][%mdl 8192] Black cannot hold the game after this.} (40... Rb4 $11 41. Rc1 (41. Qxb4 {is a self mate.} Qxf1 42. g4+ Kxh4 43. g5+ Kh5) 41... Rxf4 42. Rxd1 Rxf2+ 43. Kg1 Rc2 44. Rxd5 exd5) 41. g4+ {[%emt 0:00:29] White mates.} Kxh4 42. Qxh6+ Kxg4 43. Qxg6+ Kf4 44. Qg3+ Ke4 45. Qe3+ Kf5 46. Rf8+ Kg6 47. Rf6+ Kh5 48. Qh6+ Kg4 49. Rf4# {[%emt 0:00:03] Weighted Error Value: White=0.27 (precise) /Black=0.28 (precise)} 1-0